 Dungeon Crawl Stone Soup version 0.27.1-4-g1640c2035a (webtiles) character file.

Game seed: 11973225931337515194

4 hilljack the Vexing (level 1, -3/10 HPs)
             Began as a Deep Elf Enchanter on Sept 5, 2021.
             Slain by a quokka (5 damage)
             ... on level 1 of the Dungeon on Nov 15, 2021.
             The game lasted 00:02:17 (635 turns).

hilljack the Vexing (Deep Elf Enchanter)             Turns: 635, Time: 00:02:18

Health: -3/10      AC:  2    Str:  5    XL:     1   Next: 58%
Magic:  4/6        EV: 12    Int: 19    God:
Gold:   0          SH:  0    Dex: 15    Spells: 5/6 levels left

rFire    . . .     SeeInvis .   a - +1 dagger
rCold    . . .     Faith    .   (no shield)
rNeg     . . .     Spirit   .   b - +0 robe
rPois    .         Reflect  .   (no helmet)
rElec    .         Harm     .   (no cloak)
rCorr    .         Rampage  .   (no gloves)
Will     .....                  (no boots)
Stlth    +++.......             (no amulet)
HPRegen  0.03/turn              (no ring)
MPRegen  0.10/turn              (no ring)

@: flying
A: no striking features
a: no special abilities


You were on level 1 of the Dungeon.
You visited 1 branch of the dungeon, and saw 1 of its levels.

Inventory:

Hand Weapons
 a - a +1 dagger (weapon)
Armour
 b - a +0 robe (worn)


   Skills:
 + Level 1.1 Short Blades
 + Level 2.6 Dodging
 + Level 3.8 Stealth
 + Level 3.0 Spellcasting
 + Level 4.0 Hexes


You had 5 spell levels left.
You knew the following spells:

 Your Spells              Type           Power      Damage    Failure   Level
a - Corona                Hex            20%        N/A       2%          1

Your spell library contained the following spells:

 Spells                   Type           Power      Damage    Failure   Level
 Confusing Touch          Hex            18%        N/A       9%          3
 Tukima's Dance           Hex            18%        N/A       9%          3
 Ensorcelled Hibernation  Hex/Ice        20%        N/A       10%         2
 Dazzling Flash           Conj/Hex       20%        N/A       21%         3


Dungeon Overview and Level Annotations

Branches:
Dungeon (1/15)

Altars:


Message History

The quokka bites you.
You barely miss the quokka. The quokka barely misses you.
You hit the quokka.
The quokka is moderately wounded.
The quokka misses you.
Casting: Corona (safe; 2% risk of failure)
Confirm with . or Enter, or press ? or * to list all spells.
Aiming: Corona (safe; 2% risk of failure)
Press: ? - help, Shift-Dir - straight line, f/p - quokka
Aim: a quokka (moderately wounded, chance to affect: 73%)
The quokka is outlined in light.
The quokka barely misses you.
You hit the quokka but do no damage.
The quokka is lightly wounded.
The quokka completely misses you.
Sorry, you're not good enough to have a special ability.
You hit the quokka.
The quokka is severely wounded.
The quokka barely misses you. The quokka closely misses you.
You closely miss the quokka.
The quokka is severely wounded.
The quokka bites you.
* * * LOW HITPOINT WARNING * * *
It was a potion of flight.
You feel very buoyant.
You fly up into the air.
The quokka stops glowing.
The quokka completely misses you.
You closely miss the quokka.
The quokka is severely wounded.
The quokka completely misses you.
You closely miss the quokka.
The quokka is severely wounded.
The quokka barely misses you.
Casting: Corona (safe; 2% risk of failure)
Confirm with . or Enter, or press ? or * to list all spells.
Aiming: Corona (safe; 2% risk of failure)
Press: ? - help, Shift-Dir - straight line, f/p - quokka
Aim: a quokka (severely wounded, chance to affect: 73%)
The quokka is outlined in light.
The quokka bites you.
Ouch! That really hurt!
You die...

##.#
#.###.###..#
#.# #[#
#...#..########
##.# #.#
##.............
...# #.#
#..##########.
#### #.# ##.#
#.# #.# #.# #.#
#.#####.#
#.@r....#
#######.#
........#
######..# #..#
#... #... ####


You could see a quokka (corona).

Vanquished Creatures
  A giant cockroach (D:1)
  A kobold (D:1)
  A quokka (D:1)
  A frilled lizard (D:1)
4 creatures vanquished.

Notes
Turn   | Place    | Note
-------+----------+-------------------------------------------
     0 | D:1      | hilljack the Deep Elf Enchanter began the quest for the
                  | Orb.
     0 | D:1      | Reached XP level 1. HP: 10/10 MP: 6/6
   207 | D:1      | Upgraded the game from 0.27.1-1-g398f81649c to
                  | 0.27.1-4-g1640c2035a
   635 | D:1      | Slain by a quokka

Illustrated notes

Levels and vault maps discovered:
D:1:      minmay_arrival_solitary_statue, layout_basic, minivault_5

Action                   || total
-------------------------++-------
Melee: Dagger            ||    35
 Cast: Corona            ||     9
  Use: Scroll            ||     1
       Potion            ||     1
Armor: Robe              ||     7
Dodge: Dodged            ||    28
